 Dungeon Crawl Stone Soup version 0.22-a0-247-gbddf880 (webtiles) character file.

3742 nikopol the Thaumaturge (level 9, -3/47 HPs)
             Began as a Deep Elf Fire Elementalist on Feb 26, 2018.
             Was a Believer of Sif Muna.
             Killed from afar by a manticore (15 damage)
             ... with a volley of spikes
             ... on level 9 of the Dungeon.
             The game lasted 00:41:28 (9112 turns).

nikopol the Thaumaturge (DEFE)                      Turns: 9112, Time: 00:41:29

Health: -3/47      AC:  5    Str:  5    XL:     9   Next: 93%
Magic:  20/35      EV: 17    Int: 24    God:    Sif Muna [**....]
Gold:   435        SH:  0    Dex: 15    Spells: 15/30 levels left

rFire    . . .     SeeInvis .   p - +2 dagger (drain)
rCold    . . .     Gourm    .   (no shield)
rNeg     . . .     Faith    .   a - +1 robe
rPois    .         Spirit   .   F - +0 helmet
rElec    .         Reflect  .   d - scarf {cloud immunity}
rCorr    .         Harm     .   A - +0 pair of gloves
MR       .....                  (no boots)
Stlth    +++.......             (no amulet)
HPRegen  0.15/turn              u - +2 ring of evasion
MPRegen  0.24/turn              z - ring of magical power

@: barbed spikes
A: no striking features
a: Divine Energy, Renounce Religion


You were on level 9 of the Dungeon.
You worshipped Sif Muna.
Sif Muna was pleased with you.
You were not hungry.

You visited 2 branches of the dungeon, and saw 10 of its levels.
You also visited: Sewer.

You collected 435 gold pieces.

Inventory:

Hand Weapons
 p - a +2 dagger of draining (weapon)
Armour
 a - a +1 robe (worn)
 d - a scarf of cloud immunity (worn)
 A - a +0 pair of gloves (worn)
 F - a +0 helmet (worn)
Jewellery
 r - an uncursed ring of protection from fire {unknown}
 u - a +2 ring of evasion (left hand)
 z - a ring of magical power (right hand)
 B - a cursed -6 ring of dexterity {unknown}
 E - a +2 ring of evasion
Wands
 t - a wand of clouds (5)
 v - a wand of acid (4)
 w - a wand of flame (38)
 C - a wand of scattershot (5)
Scrolls
 c - 4 scrolls of enchant armour
 e - 5 scrolls of teleportation
 f - 4 scrolls of identify
 i - a scroll of remove curse
 k - 2 scrolls of fog
 l - 3 scrolls of fear {unknown}
 s - a scroll of noise {unknown}
 x - a scroll of amnesia {unknown}
 y - 2 scrolls of blinking {unknown}
 D - a scroll of immolation {unknown}
Potions
 g - a potion of cancellation
 h - 4 potions of agility
 j - 3 potions of heal wounds
 m - a potion of curing
 n - 3 potions of magic
 o - a potion of haste
 q - a potion of might
Comestibles
 b - 16 rations
 G - a chunk of flesh


   Skills:
 + Level 1.5 Fighting
 + Level 0.7 Short Blades
 + Level 4.8 Dodging
 + Level 4.0 Stealth
 + Level 11.0 Spellcasting
 + Level 7.8 Conjurations
 + Level 9.0 Fire Magic
 + Level 1.3 Evocations


You had 15 spell levels left.
You knew the following spells:

 Your Spells              Type           Power        Failure   Level  Hunger
a - Flame Tongue          Conj/Fire      #####        1%          1    None
b - Throw Flame           Conj/Fire      ######       1%          2    None
c - Conjure Flame         Conj/Fire      ######..     1%          3    None
d - Sticky Flame          Conj/Fire      ######..     1%          4    None
e - Fireball              Conj/Fire      ######....   4%          5    ####...


Dungeon Overview and Level Annotations

Branches:
Dungeon (9/15)             Temple (1/1) D:7
   Lair: D:8-11         Orc: D:9-12

Altars:
Ashenzari
Cheibriados
Dithmenos
Elyvilon
Fedhas
Gozag
Hepliaklqana
Kikubaaqudgha
Makhleb
Nemelex Xobeh
Okawaru
Qazlal
Sif Muna
Trog
Uskayaw
Vehumet
Wu Jian
Xom
Yredelemnul
Zin
The Shining One


Message History

Aiming: Flame Tongue (safe; 1% risk of failure)
Press: ? - help, Shift-Dir - straight line, f/p - manticore
Aim: a manticore (moderately wounded)
The flame tongue hits the manticore.
The manticore appears unharmed.
The manticore is moderately wounded.
The manticore flicks its tail.
The volley of spikes hits you!
The barbed spikes become lodged in your body.
* * * LOW HITPOINT WARNING * * *
Casting: Flame Tongue (safe; 1% risk of failure)
Confirm with . or Enter, or press ? or * to list all spells.
Aiming: Flame Tongue (safe; 1% risk of failure)
Press: ? - help, Shift-Dir - straight line, f/p - manticore
Aim: a manticore (moderately wounded)
The flame tongue hits the manticore.
The manticore is heavily wounded.
The manticore flicks its tail.
The volley of spikes hits you!
The barbed spikes become lodged in your body.
You die...

#...P #+#P.P.
####. P...P..
....
...P...###..###
P.P..PP).......
.P.............
.......).......
............(..
.......@.......
...............
...............
.......(.......
.....(...H.....
..)............
........#.....#
##.=##.........
# #/.......


You could see a manticore.

Vanquished Creatures
  Sigmund (D:5)
  A wyvern (D:9)
  A spriggan (D:8)
  Eustachio (D:5)
  Edmund (D:5)
  A porcupine (D:9)
  An orc warrior (D:8)
  3 ice beasts
  A black bear (D:8)
  An ogre (D:4)
  A sky beast (D:8)
  2 centaurs
  A crocodile (D:9)
  8 bullfrogs
  A water moccasin skeleton (D:5)
  A scorpion (D:9)
  6 killer bees (D:6)
  A bullfrog zombie (D:6)
  3 crimson imps
  A quasit (D:6)
  A gnoll shaman (D:7)
  3 hounds
  A jelly (D:8)
  2 orc wizards (D:9)
  An orc priest (D:8)
  2 centaur skeletons
  2 iguanas
  9 worker ants
  A killer bee zombie (D:8)
  A hound zombie (D:5)
  A hound skeleton (D:6)
  3 worker ant zombies
  5 gnolls (D:7)
  A howler monkey skeleton (D:4)
  17 adders
  4 shadow imps
  2 oozes
  5 worms
  7 leopard geckos
  22 orcs
  6 giant cockroaches
  5 hobgoblins
  20 jackals
  3 quokkas
  10 ball pythons
  5 bats
  6 frilled lizards
  11 goblins
  A jackal skeleton (D:4)
  10 kobolds
  11 rats
  A plant (Sewer)
216 creatures vanquished.

Vanquished Creatures (others)
  A plant (Sewer)
1 creature vanquished.

Grand Total: 217 creatures vanquished

Notes
Turn   | Place    | Note
-------+----------+-------------------------------------------
     0 | D:1      | nikopol the Deep Elf Fire Elementalist began the quest for the Orb.
     0 | D:1      | Reached XP level 1. HP: 10/10 MP: 6/6
   246 | D:1      | Reached XP level 2. HP: 15/15 MP: 4/8
   417 | D:1      | Learned a level 2 spell: Throw Flame
   752 | D:2      | Reached XP level 3. HP: 19/19 MP: 3/10
   831 | D:2      | Reached skill level 4 in Spellcasting
   987 | D:2      | Found a shadowy altar of Dithmenos.
  1253 | D:3      | Reached XP level 4. HP: 24/24 MP: 9/12
  1441 | D:3      | Learned a level 3 spell: Conjure Flame
  1446 | D:3      | Learned a level 4 spell: Sticky Flame
  1596 | D:3      | Found a glowing drain.
  1615 | Sewer    | Entered a sewer
  1976 | Sewer    | Reached XP level 5. HP: 28/28 MP: 12/14
  2208 | Sewer    | Reached skill level 5 in Spellcasting
  3605 | D:4      | Reached XP level 6. HP: 23/32 MP: 10/16
  3707 | D:4      | Reached skill level 6 in Spellcasting
  3707 | D:4      | Reached skill level 5 in Fire Magic
  4031 | D:5      | Entered Level 5 of the Dungeon
  4113 | D:5      | Noticed Sigmund
  4400 | D:5      | Killed Sigmund
  4400 | D:5      | Reached XP level 7. HP: 22/37 MP: 4/19
  4610 | D:5      | Noticed Eustachio
  4625 | D:5      | Killed Eustachio
  4625 | D:5      | Reached skill level 7 in Spellcasting
  4712 | D:5      | Noticed Edmund
  4730 | D:5      | Killed Edmund
  4730 | D:5      | Reached skill level 5 in Conjurations
  4935 | D:5      | Learned a level 5 spell: Fireball
  4951 | D:5      | Reached XP level 8. HP: 42/42 MP: 21/21
  5413 | D:6      | Reached skill level 8 in Spellcasting
  5429 | D:6      | Reached skill level 1 in Fighting
  6000 | D:6      | Reached skill level 9 in Spellcasting
  6532 | D:7      | Found a snail-covered altar of Cheibriados.
  6532 | D:7      | Found a basalt altar of Yredelemnul.
  6581 | D:7      | Reached XP level 9. HP: 47/47 MP: 12/24
  6706 | D:7      | Found a staircase to the Ecumenical Temple.
  6723 | Temple   | Entered the Ecumenical Temple
  6730 | Temple   | Became a worshipper of Sif Muna the Loreminder
  7085 | D:8      | Found a stormy altar of Qazlal.
  7336 | D:8      | Found a burning altar of Makhleb.
  7354 | D:8      | Reached skill level 10 in Spellcasting
  7365 | D:8      | Found an iron altar of Okawaru.
  7544 | D:8      | Reached * piety under Sif Muna
  8097 | D:9      | Noticed a manticore
  8221 | D:9      | Reached skill level 1 in Evocations
  8369 | D:9      | Reached ** piety under Sif Muna
  8369 | D:9      | Reached skill level 11 in Spellcasting
  9112 | D:9      | Killed from afar by a manticore

Vault maps used:
D:1:      saegor_arrival_simple_d
D:2:      old_standard_altar, grunt_ministairs_10
D:3:      first_ration, portal_sewer_entry_b, grunt_ministairs_5, minivault_19
D:4:      kennysheep_generic_room_4
D:5:      uniq_eustachio, uniq_sigmund, uniq_edmund
D:7:      gammafunk_temple_overflow_elements, minmay_temple_entry_overgrown
D:8:      grunt_temple_overflow_open, nicolae_qazlal_general_emergency,
          nicolae_ossuary_entry_false_entrances, grunt_pizzeria
D:9:      nicolae_overflow_hidden_temple, grunt_lair_entry_orc_guard_hut
Temple:   minmay_freezing_vapour_temple
Sewer:    sewer_co_scattered_pipes

Skill      XL: |  1  2  3  4  5  6  7  8  9 |
---------------+----------------------------+-----
Fire Magic     | 4 5 6 7 9 |  9.0
Spellcasting   | 4 5 6 7 9 11 | 11.0
Conjurations   | 2 3 4 5 6 7 |  7.8
Stealth        | 3 4 |  4.0
Dodging        | 3 4 |  4.8
Fighting       | 1 |  1.5
Evocations     | 1 |  1.3
Short Blades   | |  0.7

Action                   |  1- 3 |  4- 6 |  7- 9 || total
-------------------------+-------+-------+-------++-------
Melee: Dagger            |     1 |    80 |   155 ||   236
 Cast: Flame Tongue      |    67 |   142 |   228 ||   437
       Throw Flame       |       |    19 |    10 ||    29
       Sticky Flame      |       |     1 |    23 ||    24
       Conjure Flame     |       |       |     7 ||     7
       Fireball          |       |       |     8 ||     8
Evoke: Wand              |       |       |     4 ||     4
  Use: Scroll            |       |     2 |     8 ||    10
  Eat: Chunk             |     1 |    10 |    17 ||    28
Armor: Robe              |     4 |     2 |    45 ||    51
Dodge: Dodged            |    15 |    24 |   164 ||   203

Table legend:
 A = Spawn XP
 B = Non-spawn XP
 C = Spawn XP percentage of total XP
 D = Spawn monster count
 E = Non-spawn monster count
 F = Spawn count percentage of total count
 G = Total turns spent on level
                    A         B        C        D         E        F      G
               +---------+---------+-------+---------+---------+-------+---------
         Total |       0 |    5346 |   0.0 |       0 |     215 |   0.0 |  9112
               +---------+---------+-------+---------+---------+-------+---------
           D:1 |       0 |      37 |   0.0 |       0 |      25 |   0.0 |   745
           D:2 |       0 |      53 |   0.0 |       0 |      15 |   0.0 |   506
           D:3 |       0 |     115 |   0.0 |       0 |      38 |   0.0 |  1071
           D:4 |       0 |     316 |   0.0 |       0 |      14 |   0.0 |   871
           D:5 |       0 |     857 |   0.0 |       0 |       8 |   0.0 |  1165
           D:6 |       0 |    1125 |   0.0 |       0 |      30 |   0.0 |  1108
           D:7 |       0 |     341 |   0.0 |       0 |      16 |   0.0 |   565
           D:8 |       0 |    1225 |   0.0 |       0 |      27 |   0.0 |  1954
           D:9 |       0 |    1204 |   0.0 |       0 |      21 |   0.0 |   116
         Sewer |       0 |      73 |   0.0 |       0 |      21 |   0.0 |   996
               +---------+---------+-------+---------+---------+-------+---------
